 Dungeon Crawl Stone Soup version 0.25.1-3-ge44b62a0b3 (webtiles) character file.

Game seed: 11442015732473657718

43086 Glamhuggeren the Slicer (level 13, 0/86 HPs)
             Began as a Demonspawn Gladiator on Nov 23, 2020.
             Was a High Priest of Dithmenos.
             Slain by a reaper
             ... wielding a +2 scythe of flaming
              (42 damage)
             ... in a Gauntlet.
             The game lasted 01:36:07 (20840 turns).

Glamhuggeren the Slicer (Demonspawn Gladiator)     Turns: 20840, Time: 01:36:07

Health: 0/86       AC: 14    Str: 19    XL:     13   Next: 88%
Magic:  18/18      EV: 17    Int: 10    God:    Dithmenos [*****.]
Gold:   803        SH:  5    Dex: 31    Spells: 12/12 levels left

rFire    + + +     SeeInvis .   b - +8 lance "Wyrmbane" {slay drac, rPois rF+ rC+ AC+3}
rCold    + + .     Gourm    .   (no shield)
rNeg     + . .     Faith    .   X - +4 ring mail of Woeplej {rElec rF+ Dex+5}
rPois    +         Spirit   .   (helmet restricted)
rElec    +         Reflect  +   e - scarf {harm}
rCorr    .         Harm     +   (no gloves)
MR       ++...     NoTele   +   (boots unavailable)
Stlth    ++++++++..             E - amulet of reflection
HPRegen  0.24/turn              U - ring "Myllas" {+Fly rF++ rN+ MR+ Str+3}
MPRegen  0.16/turn              Y - ring "Vimoaboq" {MR+ Dex+8}

@: wreathed by umbra
A: antennae 1, claws 1, talons 3, iridescent scales 1, cold resistance 1,
demonic guardian 2, frail 1, augmentation 1, freezing cloud immunity
a: Shadow Step, Shadow Form, Renounce Religion, Evoke Flight


You were in a Gauntlet.
You worshipped Dithmenos.
Dithmenos was extremely pleased with you.
You were hungry.

You visited 3 branches of the dungeon, and saw 18 of its levels.
You visited 1 bazaar.
You also visited: Gauntlet.

You collected 803 gold pieces.

Inventory:

Hand Weapons
 a - a +6 dagger of protection
 b - the +8 lance "Wyrmbane" (weapon) {slay drac, rPois rF+ rC+ AC+3}
   (You found it on level 12 of the Dungeon)

   It affects your AC (+3).
   It protects you from fire.
   It protects you from cold.
   It protects you from poison.
Missiles
 d - 3 throwing nets
 h - 265 stones
 u - 2 boomerangs of dispersal
 C - 4 silver boomerangs
 N - 55 poisoned darts (quivered)
 Z - 5 datura-tipped darts
Armour
 e - a scarf of harm (worn)
 B - the +2 leather armour "Luol" {+Inv rElec}
   (You found it on level 14 of the Dungeon)

   It insulates you from electricity.
   It lets you turn invisible.
 X - the +4 ring mail of Woeplej (worn) {rElec rF+ Dex+5}
   (You found it on level 10 of the Dungeon)

   It affects your dexterity (+5).
   It protects you from fire.
   It insulates you from electricity.
Jewellery
 E - an amulet of reflection (around neck)
 P - an uncursed ring of stealth
 U - the ring "Myllas" (left claw) {+Fly rF++ rN+ MR+ Str+3}
   (You found it in a bazaar)

   [ring of flight]

   It affects your strength (+3).
   It greatly protects you from fire.
   It protects you from negative energy.
   It affects your resistance to hostile enchantments.
   It lets you fly.
 Y - the ring "Vimoaboq" (right claw) {MR+ Dex+8}
   (You found it on level 14 of the Dungeon)

   [ring of protection from magic]

   It affects your dexterity (+8).
   It affects your resistance to hostile enchantments.
Wands
 k - a wand of acid (19)
 t - a wand of random effects (15)
 A - a wand of paralysis (9)
 H - a wand of enslavement (11)
 S - a wand of iceblast (10)
 T - a wand of polymorph (18)
Scrolls
 g - 8 scrolls of teleportation
 i - 11 scrolls of remove curse
 l - 6 scrolls of identify
 n - a scroll of fog
 q - 3 scrolls of magic mapping
 r - a scroll of amnesia
 s - 2 scrolls of fear
 v - 2 scrolls of enchant armour
 x - 3 scrolls of blinking
 Q - 3 scrolls of enchant weapon
Potions
 c - 2 potions of magic
 j - a potion of might
 w - 5 potions of curing
 z - 2 potions of resistance
 G - 2 potions of cancellation
 I - 2 potions of brilliance
 L - 3 potions of haste
 M - 2 potions of flight
 O - a potion of invisibility
 W - a potion of berserk rage
Miscellaneous
 o - a phantom mirror
 K - a lightning rod (4/4)
Comestibles
 f - 22 rations


   Skills:
 - Level 7.0 Fighting
 - Level 12.8 Short Blades
 * Level 11.1 Polearms
 - Level 5.0 Throwing
 - Level 4.0 Armour
 - Level 6.0 Dodging
 - Level 10.0 Stealth
 + Level 7.9 Invocations


You had 12 spell levels left.
You didn't know any spells.
Your spell library contained the following spells:

 Spells                   Type           Power        Failure   Level  Hunger
 Beastly Appendage        Tmut           #.....       54%         1    ##.....
 Foxfire                  Conj/Fire      #...         54%         1    ##.....
 Sticks to Snakes         Tmut           #.......     67%         2    ###....
 Conjure Flame            Conj/Fire      #.......     88%         3    ####...
 Inner Flame              Hex/Fire       #.......     88%         3    ####...
 Spider Form              Tmut/Pois      #.........   88%         3    ####...
 Ice Form                 Ice/Tmut       #.......     99%         4    #####..
 Sticky Flame             Conj/Fire      #.......     99%         4    #####..
 Blade Hands              Tmut           #.........   100%        5    ######.
 Fireball                 Conj/Fire      #.........   100%        5    ######.


Dungeon Overview and Level Annotations

Branches:
Dungeon (15/15)            Temple (1/1) D:6            Lair (2/6) D:10
 Shoals (0/4) Lair:2          Orc (0/2) D:9          Vaults (0/5) D:13
 Depths (0/5) D:15        Gauntlet (1/1)
  Snake: Lair:2-4    Spider: Lair:2-4

Altars:
Ashenzari
Cheibriados
Dithmenos
Elyvilon
Fedhas
Gozag
Hepliaklqana
Kikubaaqudgha
Makhleb
Nemelex Xobeh
Okawaru
Qazlal
Ru
Sif Muna
Trog
Uskayaw
Vehumet
Wu Jian
Xom
Yredelemnul
Zin
The Shining One

Annotations:
D:6 3 runed translucent doors, Alannah's ghost, novice DrSk; gareth1b's ghost, novice GnFi Gauntlet 9 transporters, 21 runed translucent doors


Innate Abilities, Weirdness & Mutations

You have claws for feet.
You are partially covered in iridescent scales. (AC +2)
Your flesh is cold resistant. (rC+)
A demonic guardian rushes to your aid.
Your magical and physical power is slightly enhanced at high health.
You are immune to freezing clouds.
You have a pair of small antennae on your head.
You have sharp fingernails.
You are frail. (-10% HP)


Message History

The reaper closely misses your smoke demon.
Your orange demon stings the reaper but does no damage.
Attack whom?
Press: ? - help, Dir - move target cursor, f/p - reaper
Aim: a reaper, wielding a +2 scythe of flaming (black smoke, severely wounded, umbra)
You could not reach far enough!
Your smoke demon disappears in a puff of smoke!
Attack whom?
Press: ? - help, Dir - move target cursor, f/p - reaper
Aim: a reaper, wielding a +2 scythe of flaming (severely wounded, umbra)
You reach to attack!
You catch the helpless reaper completely off-guard!
You puncture the reaper!
The reaper is almost dead.
Your shadow hits the reaper but does no damage.
Your orange demon stings the reaper but does no damage.
Your orange demon hits the reaper but does no damage.
Something hits the withered plant but does no damage.
The reaper hits you from afar with a +2 scythe of flaming!!
You die...

###...8.#...#...≈8≈........
#.....#.©.#....≈.........
###..###########...########
#8#..#.........#...#..+.©.+
###..#..PP.P5P.#...#..+...+
#..#.P#P.P#P.#...#++#+#+#
###..#.PP§2P.P.#...#..+...+
#8#..#...§§4§..#...#..+...+
###..#.PPP@§PP.#...#++#...#
#..#.P#PPP#P.#...#3.#+++#
###..#.PP...P..#...#4......
#8#..#../[©?|..#...#4.$.©..
###..###########...########
#........................
#≈............≈∩≈........
#########################
#8##≈...............≈#


You could see a reaper and a friendly orange demon (summoned).

Vanquished Creatures
  Jorgrun (D:12)
  An ironheart preserver (D:13)
  Harold (D:10)
  3 hydras
  2 centaur warriors
  6 two-headed ogres
  A thrashing horror (Gauntlet)
  A tengu warrior (D:15)
  Nergalle (D:11)
  2 skeletal warriors (D:15)
  An unseen horror (D:14)
  2 wizards (D:15)
  An orc knight (D:15)
  3 orc sorcerers (D:15)
  An oklob plant (Lair:1)
  5 ugly things
  2 deep elf magi (D:13)
  A manticore (D:15)
  3 slime creatures (D:15)
  4 cyclopes
  A black mamba (Lair:1)
  3 centaur zombies
  A komodo dragon (D:10)
  A tengu conjurer (D:15)
  A hellwing (Gauntlet)
  7 trolls
  A hornet (D:14)
  A harpy skeleton (D:15)
  4 hippogriffs
  A shadow (D:14)
  3 wyverns
  4 wraiths
  A basilisk (D:14)
  4 yaks
  A steam dragon (D:14)
  A hungry ghost (D:13)
  3 small abominations (Gauntlet)
  3 vampire mosquitoes (D:15)
  An acid dragon (D:13)
  A porcupine (Lair:1)
  A soldier ant (D:13)
  7 orc warriors
  7 ice beasts
  3 phantoms
  4 sky beasts
  5 ogres
  3 necrophages (D:13)
  6 wolves
  8 centaurs
  A crocodile (D:13)
  3 big kobolds
  13 bullfrogs
  2 gnoll sergeants
  4 scorpions
  A water moccasin skeleton (D:9)
  6 killer bees
  An electric eel (Lair:2)
  9 wights
  2 howler monkeys
  8 crimson imps
  2 bullfrog zombies (D:12)
  A gnoll shaman (D:10)
  3 orc priests
  A jelly (D:10)
  12 orc wizards
  9 hounds
  A bullfrog skeleton (D:4)
  4 centaur skeletons
  Ijyb (D:3)
  Terence (D:3)
  An iguana (D:13)
  11 worker ants
  A hound zombie (D:5)
  A mummy (D:7)
  A worker ant zombie (D:10)
  13 adders
  19 gnolls
  A shadow imp (D:15)
  An ooze (D:1)
  3 worms
  2 adder skeletons
  3 adder zombies
  A dart slug (D:1)
  4 leopard geckos
  34 orcs
  5 bats
  2 giant cockroaches
  7 hobgoblins
  3 jackals (D:4)
  6 quokkas
  A ball python (D:5)
  4 frilled lizards
  8 goblins
  A jackal skeleton (D:4)
  16 kobolds
  A quokka zombie (D:9)
  5 rats
  A bush (D:13)
  A demonic plant (Gauntlet)
  A plant (Lair:1)
  A withered plant (Gauntlet)
373 creatures vanquished.

Vanquished Creatures (collateral kills)
  Snorg (D:11)
  Josephine (D:13)
  An ogre mage (D:15)
  A hydra (Lair:1)
  2 two-headed ogres
  2 skeletal warriors (D:15)
  A cyclops (D:15)
  A guardian serpent (D:11)
  A centaur skeleton (D:14)
  2 wraiths (D:13)
  Grum (D:11)
  7 yaks
  A basilisk (D:15)
  A vampire mosquito (D:15)
  2 orc warriors (D:9)
  A porcupine (Lair:2)
  A hornet zombie (D:13)
  3 necrophages
  2 sky beasts
  A wolf (D:11)
  An ogre (D:13)
  5 centaurs
  A bullfrog (D:15)
  2 killer bees (D:8)
  A quasit (D:14)
  2 orc wizards
  A worker ant (D:13)
  A howler monkey zombie (D:11)
  A worker ant zombie (D:5)
  A gnoll (D:9)
  10 orcs
  5 kobolds (D:11)
64 creatures vanquished.

Vanquished Creatures (others)
  A demonic plant (Gauntlet)
  17 plants
  A withered plant (D:6)
19 creatures vanquished.

Grand Total: 456 creatures vanquished

Notes
Turn   | Place    | Note
-------+----------+-------------------------------------------
     0 | D:1      | Glamhuggeren the Demonspawn Gladiator began the quest for
                  | the Orb.
     0 | D:1      | Reached XP level 1. HP: 16/16 MP: 1/1
   192 | D:1      | Gained mutation: A weak demonic guardian rushes to your
                  | aid. [demonic ancestry]
   192 | D:1      | Reached XP level 2. HP: 13/22 MP: 2/2
   195 | D:1      | Reached skill level 3 in Short Blades
   982 | D:1      | Gained mutation: You have sharp toenails. [demonic
                  | ancestry]
   982 | D:1      | Reached XP level 3. HP: 28/28 MP: 3/3
  1526 | D:2      | Found a glowing silver altar of Zin.
  2106 | D:3      | Noticed Ijyb
  2120 | D:3      | Killed Ijyb
  2120 | D:3      | Reached XP level 4. HP: 34/34 MP: 4/4
  2171 | D:3      | Reached skill level 4 in Short Blades
  2394 | D:3      | Noticed Terence
  2402 | D:3      | Killed Terence
  2402 | D:3      | Gained mutation: You have razor-sharp toenails. [demonic
                  | ancestry]
  2402 | D:3      | Reached XP level 5. HP: 41/41 MP: 5/5
  2813 | D:3      | Found a burning altar of Makhleb.
  3144 | D:4      | Reached skill level 5 in Short Blades
  3146 | D:4      | Gained mutation: Your flesh is cold resistant. (rC+)
                  | [demonic ancestry]
  3146 | D:4      | Reached XP level 6. HP: 31/48 MP: 6/6
  3889 | D:5      | Entered Level 5 of the Dungeon
  3904 | D:4      | Reached skill level 6 in Short Blades
  3985 | D:5      | Gained mutation: You are immune to freezing clouds.
                  | [demonic ancestry]
  3985 | D:5      | Reached XP level 7. HP: 54/54 MP: 7/7
  4013 | D:5      | Got an ichor-stained leather armour
  4024 | D:5      | Identified the cursed +1 leather armour "Xanti" {*Slow
                  | Int+7} (You found it on level 5 of the Dungeon)
  4459 | D:5      | Reached skill level 7 in Short Blades
  4459 | D:5      | Reached skill level 1 in Armour
  5069 | D:5      | Found a shimmering blue altar of Sif Muna.
  5464 | D:6      | Reached XP level 8. HP: 49/60 MP: 8/8
  5644 | D:6      | Reached skill level 8 in Short Blades
  5743 | D:6      | Found a staircase to the Ecumenical Temple.
  5751 | Temple   | Entered the Ecumenical Temple
  5809 | Temple   | Became a worshipper of Dithmenos the Shadowed
  5873 | D:6      | Found a runed translucent gate.
  5873 | D:6      | Found a runed translucent gate.
  5873 | D:6      | Found a runed translucent gate.
  5909 | D:6      | Noticed gareth1b's ghost (novice GnFi)
  5910 | D:6      | Noticed Alannah's ghost (novice DrSk)
  6380 | D:7      | Reached skill level 9 in Short Blades
  6503 | D:7      | Reached skill level 1 in Stealth
  6875 | D:7      | Gained mutation: You have claws for feet. [demonic
                  | ancestry]
  6875 | D:7      | Reached XP level 9. HP: 65/65 MP: 9/9
  6937 | D:7      | Found a snail-covered altar of Cheibriados.
  7683 | D:7      | Reached * piety under Dithmenos
  7818 | D:8      | Reached skill level 10 in Short Blades
  9817 | D:9      | Reached skill level 11 in Short Blades
  9897 | D:9      | Found an ornate altar of the Wu Jian Council.
  9898 | D:9      | Found a hide-covered altar of Uskayaw.
  9898 | D:9      | Found an opulent altar of Gozag.
  9899 | D:9      | Found a stormy altar of Qazlal.
  9938 | D:9      | Found a sacrificial altar of Ru.
  9940 | D:9      | Found a radiant altar of Vehumet.
  9940 | D:9      | Found a shimmering altar of Xom.
  9942 | D:9      | Found a blossoming altar of Fedhas.
  9942 | D:9      | Found a shimmering blue altar of Sif Muna.
  9942 | D:9      | Found an opulent altar of Gozag.
  9994 | D:9      | Noticed a two-headed ogre
 10002 | D:9      | Killed a two-headed ogre
 10002 | D:9      | Reached skill level 5 in Stealth
 10002 | D:9      | Gained mutation: A demonic guardian rushes to your aid.
                  | [demonic ancestry]
 10002 | D:9      | Reached XP level 10. HP: 71/71 MP: 10/10
 10180 | D:9      | Reached ** piety under Dithmenos
 10594 | D:9      | Found a staircase to the Orcish Mines.
 10925 | D:10     | Entered Level 10 of the Dungeon
 11168 | D:10     | Found a staircase to the Lair.
 11629 | D:10     | Noticed a two-headed ogre
 11637 | D:10     | Killed a two-headed ogre
 11785 | D:10     | Reached skill level 12 in Short Blades
 11938 | D:10     | Noticed Harold
 12025 | D:10     | Killed Harold
 12244 | D:10     | Got an ancient ring mail
 12255 | D:10     | Identified the +4 ring mail of Woeplej {rElec rF+ Dex+5}
                  | (You found it on level 10 of the Dungeon)
 12670 | D:11     | Reached *** piety under Dithmenos
 12691 | D:11     | Noticed Nergalle
 12700 | D:11     | Noticed a guardian serpent
 12732 | D:11     | Killed a guardian serpent
 12739 | D:11     | Killed Nergalle
 12739 | D:11     | Gained mutation: You are partially covered in iridescent
                  | scales. (AC +2) [demonic ancestry]
 12739 | D:11     | Reached XP level 11. HP: 20/77 MP: 11/11
 13120 | D:11     | Noticed Grum
 13151 | D:11     | Killed Grum
 13388 | D:11     | Noticed Snorg
 13404 | D:11     | Killed Snorg
 14199 | D:12     | Noticed Jorgrun
 14206 | D:12     | Killed Jorgrun
 14206 | D:12     | Reached **** piety under Dithmenos
 14206 | D:12     | Reached skill level 5 in Fighting
 14233 | D:12     | Found the +8 lance "Wyrmbane" {slay drac, rPois rF+ rC+
                  | AC+3}
 14287 | D:12     | Found a sparkling altar of Nemelex Xobeh.
 14292 | D:12     | Reached skill level 1 in Polearms
 14599 | D:12     | Gained mutation: You tend to lose your temper in combat.
                  | [potion of mutation]
 14599 | D:12     | Gained mutation: You can translocate small distances at
                  | will. [potion of mutation]
 14599 | D:12     | Gained mutation: Armour fits poorly on your strangely
                  | shaped body. [potion of mutation]
 14599 | D:12     | Gained mutation: You have sharp fingernails. [potion of
                  | mutation]
 14600 | D:12     | Lost mutation: You tend to lose your temper in combat.
                  | [potion of mutation]
 14600 | D:12     | Lost mutation: You can translocate small distances at will.
                  | [potion of mutation]
 14600 | D:12     | Lost mutation: Armour fits poorly on your strangely shaped
                  | body. [potion of mutation]
 14600 | D:12     | Gained mutation: You are frail. (-10% HP) [potion of
                  | mutation]
 14600 | D:12     | Gained mutation: You have a pair of small antennae on your
                  | head. [potion of mutation]
 14625 | D:12     | Noticed a seven-headed hydra
 14628 | D:12     | Killed a seven-headed hydra
 14628 | D:12     | Reached skill level 5 in Dodging
 14883 | D:13     | Noticed a deep elf mage
 14884 | D:13     | Noticed Josephine
 15010 | D:13     | Noticed a deep elf mage
 15012 | D:13     | Killed a deep elf mage
 15170 | D:13     | Gained mutation: Your magical and physical power is
                  | slightly enhanced at high health. [demonic ancestry]
 15170 | D:13     | Reached XP level 12. HP: 79/79 MP: 12/12
 15214 | D:13     | Reached skill level 10 in Stealth
 15572 | D:13     | Killed Josephine
 15581 | D:13     | Found a gate to the Vaults.
 15581 | D:13     | Noticed an ironheart preserver
 15614 | D:13     | Killed an ironheart preserver
 15687 | D:13     | Noticed a seven-headed hydra
 15692 | D:13     | Killed a seven-headed hydra
 15692 | D:13     | Reached skill level 5 in Polearms
 15928 | D:13     | Noticed a centaur warrior
 15935 | D:13     | Killed a centaur warrior
 16045 | D:13     | Found a blossoming altar of Fedhas.
 16200 | D:13     | Reached ***** piety under Dithmenos
 16280 | D:14     | Reached skill level 1 in Invocations
 16340 | D:14     | Found a flickering gateway to a bazaar.
 16349 | Bazaar   | Entered a bazaar
 16351 | Bazaar   | Got the ring "Myllas" {+Fly}
 16353 | Bazaar   | Identified the ring "Myllas" {+Fly rF++ rN+ MR+ Str+3} (You
                  | found it in a bazaar)
 16398 | Bazaar   | Found Nousyrus's Distillery.
 16430 | Bazaar   | Found Toseod's Distillery.
 16482 | Bazaar   | Found Woosi's Gadget Shoppe.
 16510 | Bazaar   | Found Fiudech's Gadget Shoppe.
 16691 | D:14     | Got a brightly glowing leather armour
 16704 | D:14     | Identified the +2 leather armour "Luol" {+Inv rElec} (You
                  | found it on level 14 of the Dungeon)
 16822 | D:14     | Noticed a centaur warrior
 16842 | D:14     | Killed a centaur warrior
 17111 | D:14     | Got a translucent tin ring
 17118 | D:14     | Identified the ring "Vimoaboq" {MR+ Dex+8} (You found it on
                  | level 14 of the Dungeon)
 17250 | D:15     | Entered Level 15 of the Dungeon
 17616 | D:15     | Reached XP level 13. HP: 76/85 MP: 16/16
 17715 | D:15     | Reached skill level 5 in Invocations
 18512 | D:15     | Found a basalt altar of Yredelemnul.
 18730 | D:15     | Found a staircase to the Depths.
 19042 | D:15     | Reached skill level 5 in Throwing
 19059 | D:15     | Reached skill level 10 in Polearms
 19641 | Lair:1   | Entered Level 1 of the Lair of Beasts
 20566 | Lair:2   | Found a gate leading to a gauntlet.
 20597 | Gauntlet | Entered a Gauntlet
 20597 | Gauntlet | Found a transporter.
 20597 | Gauntlet | Found a transporter.
 20607 | Gauntlet | Found a transporter.
 20617 | Gauntlet | Found a transporter.
 20632 | Gauntlet | Found a transporter.
 20642 | Gauntlet | Found a transporter.
 20657 | Gauntlet | Found a transporter.
 20659 | Gauntlet | Found a large runed translucent door.
 20660 | Gauntlet | Found a large runed translucent door.
 20661 | Gauntlet | Found a large runed translucent door.
 20661 | Gauntlet | Found a large runed translucent door.
 20662 | Gauntlet | Found a runed translucent gate.
 20663 | Gauntlet | Found a transporter.
 20663 | Gauntlet | Found a runed translucent gate.
 20664 | Gauntlet | Found a runed translucent gate.
 20665 | Gauntlet | Found a large runed translucent door.
 20665 | Gauntlet | Found a large runed translucent door.
 20666 | Gauntlet | Found a large runed translucent door.
 20667 | Gauntlet | Found a large runed translucent door.
 20677 | Gauntlet | Found a transporter.
 20677 | Gauntlet | Noticed a reaper
 20678 | Gauntlet | Found a large runed translucent door.
 20678 | Gauntlet | Found a large runed translucent door.
 20678 | Gauntlet | Found a runed translucent door.
 20679 | Gauntlet | Found a large runed translucent door.
 20680 | Gauntlet | Found a large runed translucent door.
 20682 | Gauntlet | Found a transporter.
 20683 | Gauntlet | Found a runed translucent door.
 20686 | Gauntlet | Found a transporter.
 20689 | Gauntlet | Found a large runed translucent door.
 20689 | Gauntlet | Found a large runed translucent door.
 20690 | Gauntlet | Found a large runed translucent door.
 20691 | Gauntlet | Found a large runed translucent door.
 20713 | Gauntlet | Found a transporter.
 20823 | Gauntlet | HP: 4/86 [reaper/+2 scythe of flaming (42)]
 20840 | Gauntlet | Slain by a reaper

Illustrated notes

Levels and vault maps discovered:
D:1:      arrival_zaba_pyramid, layout_basic
D:2:      layout_basic, marbit_many_paths, serial_glass, glass_columns_a,
          glass_columns_c, glass_columns_b, glass_columns_b, glass_columns_a,
          glass_columns_a, minmay_strange_pillars, feat_on_display, first_ration
D:3:      layout_basic, minivault_24, bloody_makhleb, uniq_ijyb, uniq_terence
D:4:      layout_gridville
D:5:      layout_layer_cave, overflow_temple_1_default
D:6:      minmay_klotski, layout_cave_pools, minmay_temple_entry_ruins,
          gammafunk_ghost_cemetery, kb_rosetta
D:7:      layout_loops_corners, slow_altar_1, grunt_ogre_cave
D:8:      layout_layer_cave
D:9:      layout_long_grid, chequers_temple_overflow_statue_of_worship,
          david_orc_4, doesnt_xom_only_xom
D:10:     layout_roguey, david_lair_shrubbed, serial_co_window_serial,
          co_window_of_opportunity_a, co_window_paths_b, co_window_paths_b,
          co_window_paths_a, co_window_corner_a, co_window_paths_c,
          co_window_corner_b, co_window_broadway_b, co_window_corner_b,
          co_window_4corner_b, co_window_4corner_a, glass_columns_c, uniq_harold
D:11:     layout_loops_cross, minmay_door_square, nrook_guardian_serpent_double,
          uniq_snorg, uniq_grum, uniq_nergalle
D:12:     layout_basic, basic_altar, uniq_jorgrun
D:13:     layout_cave_pools, skrybe_vaults_entry_preservation,
          fedhas_altar_decomposition, uniq_josephine
D:14:     layout_stronghold, serial_shops, freezing_bzr
D:15:     grunt_enter_depths_magical_seal, layout_small_grid,
          yredelemnul_altar_generic
Temple:   eino_wide_crystal_templ
Lair:1:   layout_regular_city, minmay_lair_oklob_chamber
Lair:2:   layout_cave_pods, minmay_shoals_entry_hut, gauntlet_entry_generic,
          special_room [special_room_bee]
Gauntlet: gammafunk_gauntlet_shortcut [gammafunk_gauntlet_arena_arrow_garden,
          gammafunk_gauntlet_arena_hedges, nicolae_gauntlet_arena_x,
          gammafunk_gauntlet_arena_crates, gammafunk_gauntlet_arena_grid,
          minmay_gauntlet_arena_make_your_own_arena, gauntlet_exit_watery]

Skill      XL: |  1  2  3  4  5  6  7  8  9 10 11 12 13 |
---------------+----------------------------------------+-----
Short Blades   | 3 4 5 6 7 9 11 12 | 12.8
Throwing       | 2 3 5 |  5.0
Dodging        | 3 5 6 |  6.0
Fighting       | 3 4 6 7 |  7.0
Armour         | 2 4 |  4.0
Stealth        | 1 5 7 9 10 | 10.0
Polearms       | 3 8 11 | 11.1
Invocations    | 4 7 |  7.9

Action                   |  1- 3 |  4- 6 |  7- 9 | 10-12 | 13-15 || total
-------------------------+-------+-------+-------+-------+-------++-------
Melee: Rapier            |    63 |       |       |       |       ||    63
       Dagger            |    49 |   150 |   678 |   830 |   153 ||  1860
       Kick              |    11 |    44 |   232 |   374 |   127 ||   788
       Lance             |       |       |       |     4 |    86 ||    90
Throw: Throwing net      |       |     4 |     7 |    13 |     2 ||    26
       Dart              |       |       |       |     4 |    12 ||    16
 Abil: Stop Flying       |       |       |       |     1 |       ||     1
       Evoke Flight      |       |       |       |     1 |       ||     1
  Use: Scroll            |       |     2 |     1 |    15 |    11 ||    29
       Potion            |       |       |       |     3 |     5 ||     8
 Stab: Sleeping          |     1 |     1 |     3 |    41 |    13 ||    59
       Held in net/web   |       |     2 |     5 |     7 |     1 ||    15
       Distracted        |       |       |     4 |     4 |     8 ||    16
  Eat: Chunk             |     4 |     6 |    15 |    25 |    10 ||    60
       Ration            |       |       |     1 |       |       ||     1
Armor: Leather armour    |    23 |     4 |       |       |       ||    27
       Scale mail        |       |    27 |   153 |    46 |       ||   226
       Ring mail         |       |       |       |   125 |    39 ||   164
Dodge: Dodged            |    76 |    83 |   332 |   448 |   113 ||  1052
Block: Other             |       |       |       |    36 |    29 ||    65
       Reflection        |       |       |       |     4 |     3 ||     7
